 Dungeon Crawl Stone Soup version 0.30-a0-341-g6827065 (webtiles) character file.

Game seed: 5587233407174022200

112774 Dorkslayer the Carver (level 16, -4/127 HPs)
             Began as a Demonspawn Fighter on Nov 1, 2022.
             Was an Initiate of Gozag.
             Killed by the raging water
             ... invoked by a water nymph
              (17 damage)
             ... on level 3 of the Shoals.
             The game lasted 01:31:36 (24547 turns).

Dorkslayer the Carver (Demonspawn Fighter)         Turns: 24547, Time: 01:31:37

Health: -4/127     AC: 32    Str: 33    XL:     16   Next: 12%
Magic:  7/7        EV: 11    Int:  7    God:    Gozag
Gold:   1514       SH: 13    Dex: 26    Spells: 15/15 levels left

rFire   + + .      SeeInvis .    O - +9 scimitar (elec)
rCold   . . .      Faith    .    c - +0 buckler
rNeg    + . .      Spirit   .    S - +1 plate armour "Keysh" {Drain rPois rF++ Str+2}
rPois   +          Reflect  +    R - +3 hat of Serendipity {MP-9 Str+8 Slay+5 Stlth-}
rElec   .          Harm     .    j - +0 cloak
rCorr   +          Rampage  .    a - +3 Mad Mage's Maulers {Infuse+∞ RegenMP Int-3}
Will    +....                    k - +2 pair of boots
Stlth   ..........               m - amulet of reflection
HPRegen 0.41/turn                u - +4 ring of protection
MPRegen 0.50/turn                s - ring "David" {*Slow rN+ rCorr Str+6 Dex+6}

@: mesmerised, very slow
A: ignite blood 3, spiny 1, sturdy frame 2, demonic touch 1
a: Renounce Religion, Potion Petition, Call Merchant, Bribe Branch


You were on level 3 of the Shoals.
You worshipped Gozag.
Gozag was most pleased with you.
You visited 6 branches of the dungeon, and saw 23 of its levels.

You collected 7488 gold pieces.
You spent 4279 gold pieces at shops.
You paid 1695 gold pieces to Gozag.

Inventory:

Hand Weapons
 n - a +2 scimitar of freezing
 E - a +1 trident of flaming
 O - a +9 scimitar of electrocution (weapon)
Missiles
 x - 9 javelins
 y - 2 throwing nets
 F - 4 silver javelins
 H - 2 silver boomerangs
 I - 21 boomerangs (quivered)
Armour
 a - the +3 Mad Mage's Maulers (worn) {Infuse+∞ RegenMP Int-3}
   (You found it on level 2 of the Lair of Beasts)

   It empowers its wearer's blows with all of their magic.
   It causes its wearer's magical reserves to regenerate more quickly.
   Int:       It affects your intelligence (-3).
 c - a +0 buckler (worn)
 j - a +0 cloak (worn)
 k - a +2 pair of boots (worn)
 A - a +4 plate armour
 R - the +3 hat of Serendipity (worn) {MP-9 Str+8 Slay+5 Stlth-}
   (You bought it in a shop on level 2 of the Lair of Beasts)

   Str:       It affects your strength (+8).
   Slay:      It affects your accuracy & damage with ranged weapons and melee
   (+5).
   MP:        It affects your magic capacity (-9).
   Stlth:     It makes you less stealthy.
 S - the +1 plate armour "Keysh" (worn) {Drain rPois rF++ Str+2}
   (You bought it in a shop on level 2 of the Lair of Beasts)

   Str:       It affects your strength (+2).
   rF:        It greatly protects you from fire.
   rPois:     It protects you from poison.
   Drain:     It drains your maximum health when unequipped.
Jewellery
 m - an amulet of reflection (around neck)
 s - the ring "David" (right hand) {*Slow rN+ rCorr Str+6 Dex+6}
   (You found it on level 6 of the Dungeon)

   [ring of dexterity]

   Str:       It affects your strength (+6).
   Dex:       It affects your dexterity (+6).
   rN:        It protects you from negative energy.
   rCorr:     It protects you from acid and corrosion.
   *Slow:     It may slow you when you take damage.
 u - a +4 ring of protection (left hand)
 C - a ring of poison resistance
Wands
 w - a wand of polymorph (12)
 D - a wand of charming (15)
 L - a wand of digging (6)
 N - a wand of mindburst (5)
 Q - a wand of roots (4)
Scrolls
 b - a scroll of summoning
 e - 7 scrolls of poison
 f - 4 scrolls of blinking
 i - 12 scrolls of teleportation
 p - 7 scrolls of fog
 t - 4 scrolls of silence
 G - a scroll of amnesia
 K - 8 scrolls of identify
 M - 5 scrolls of magic mapping
 P - 4 scrolls of enchant armour
Potions
 d - a potion of might
 g - 3 potions of brilliance
 h - 3 potions of mutation
 o - 9 potions of haste
 q - 6 potions of curing
 r - a potion of ambrosia
 v - a potion of resistance
 z - a potion of flight
 B - 2 potions of magic
 J - a potion of cancellation
Miscellaneous
 l - a condenser vane


   Skills:
 * Level 12.3 Fighting
 + Level 13.7 Long Blades
 * Level 7.2 Polearms
 + Level 7.4 Throwing
 + Level 10.7 Armour
 + Level 2.9 Dodging
 + Level 2.8 Stealth
 + Level 10.5 Shields
 * Level 12.3 Evocations


You had 15 spell levels left.
You didn't know any spells.
Your spell library contained the following spells:

 Spells                   Type           Power      Damage    Failure   Level
 Kiss of Death            Conj/Necr      0%         2d5       86%         1
 Sandblast                Erth           0%         2d4       86%         1
 Sting                    Tmut/Pois      0%         1d3       86%         1
 Blink                    Tloc           0%         N/A       94%         2
 Cigotuvi's Dreadful Rot  Necr/Pois/Air  0%         N/A       94%         2
 Passwall                 Tmut/Erth      0%         N/A       94%         2
 Poisonous Vapours        Pois/Air       0%         N/A       94%         2
 Confusing Touch          Hex            0%         N/A       99%         3
 Inner Flame              Hex/Fire       0%         N/A       99%         3
 Mephitic Cloud           Conj/Pois/Air  0%         N/A       99%         3
 Ozocubu's Armour         Ice            0%         N/A       99%         3
 Stone Arrow              Conj/Erth      0%         3d7       99%         3
 Anguish                  Hex/Necr       0%         N/A       100%        4
 Animate Armour           Summ/Erth      0%         N/A       100%        4
 Dispel Undead            Necr           0%         3d6       100%        4
 Flame Wave               Conj/Fire      0%         2d4       100%        4
 Manifold Assault         Tloc           0%         N/A       100%        4
 Sticky Flame             Conj/Fire      0%         2d3       100%        4
 Blade Hands              Tmut           0%         N/A       100%        5
 Metabolic Englaciation   Hex/Ice        0%         N/A       100%        5
 Iron Shot                Conj/Erth      0%         9d1       100%        6
 Enfeeble                 Hex            0%         N/A       100%        7
 Storm Form               Tmut/Air       0%         N/A       100%        7
 Necromutation            Tmut/Necr      0%         N/A       100%        8
 Animate Dead             Necr           Unusable   N/A       N/A         4
 Simulacrum               Ice/Necr       Unusable   N/A       N/A         6

Dungeon Overview and Level Annotations

Branches:
Dungeon (11/15)            Temple (1/1) D:6            Lair (5/5) D:9
 Shoals (3/4) Lair:2        Snake (1/4) Lair:3        Slime (0/5) Lair:5
    Orc (2/2) D:10            Elf (0/3) Orc:2

Altars:
Ashenzari
Cheibriados
Dithmenos
Fedhas
Gozag
Hepliaklqana
Makhleb
Nemelex Xobeh
Qazlal
Ru
Uskayaw
Vehumet
Wu Jian
Xom
Jiyva

Shops:
D:3 *   D:4 (   D:7 (   D:9 ?*   Orc:2 ([((   Lair:2 [*

Annotations:
D:10 2 runed translucent doors


Innate Abilities, Weirdness & Mutations

Your demonic aura causes all spilled blood to erupt in flames.
You are partially covered in sharp spines.
Your movements are less encumbered by armour. (ER -4)
Your touch may inflict minor irresistible damage on your foes.


Message History

The merfolk siren chants its luring song.
You completely miss the water nymph.
The water nymph points at you and mumbles some strange words.
The water swirls and strikes you!! The water nymph casts a spell at you.
The water swirls and strikes you!!
Your unstable footing causes you to fumble your attack.
The merfolk siren chants its luring song.
The water nymph is struck by your spines.
The water nymph touches you. The water nymph drowns you!
* * * LOW HITPOINT WARNING * * *
The water nymph points at you and mumbles some strange words.
The water swirls and strikes you!
* * * LOW HITPOINT WARNING * * *
You block the snapping turtle's attack.
You cannot move away from the merfolk siren!
Unknown command.
You feel better.
The merfolk siren chants its luring song.
The water nymph gestures at you while chanting.
The water swirls and strikes you!
* * * LOW HITPOINT WARNING * * *
The water nymph gestures at you while chanting.
The water swirls and strikes you!!
* * * LOW HITPOINT WARNING * * *
You block the snapping turtle's attack.
Blink to where?
Press: ? - help, Dir - move target You cannot blink away from the merfolk siren!
Blink to where?
Press: ? - help, Dir - move target, f - you
Okay, then.
Okay, then.
Okay, then.
You feel better.
The merfolk siren chants its luring song.
The water nymph gestures at you while chanting.
The water swirls and strikes you!
You die...
Your body crumbles into a pile of gold.

.~~~~~~~~.P##.....~~..###.
.~~~~~~~~.....~~.~..>.# #.
#...~~~~~~....≈~~~~~..###!
$
###.~~~~~~~..~≈~~~~~~.....
.....~~~~~~~~≈≈≈≈~~~~~.~~
.~...~~.#..~~≈≈≈≈≈~~~~~~~~
.~~~~~..##..~~≈≈≈≈~~~~~~~~
~~~~~~.....~~~~≈≈≈~~~~~~≈≈
~~~~~...@~~~~~≈≈≈~~~≈≈≈≈≈
.~~~~~.m.).~~≈≈≈~~~≈≈≈≈≈≈
~~~~~~~t...?~≈≈~~~≈≈≈≈≈≈ $
~~~m~~~~..~~~~~~ ≈≈≈≈
~~~~~.~....~~~~~ ≈≈≈≈
.~m..~~~...~~~~≈ ≈≈≈≈
~~~~~~~~~~~~~~≈≈ ≈≈≈≈
~~~~~~~~~~~~~≈≈ ≈≈≈≈ ≈≈≈≈


You could see a snapping turtle, a merfolk siren (mesmerising) and 2 water
nymphs.

Vanquished Creatures
  2 krakens
  The ghost of alcopop the Thaumaturge, a journeyman DrRe of Gozag (Lair:3)
  2 merfolk javelineers (Shoals:2)
  6 merfolk impalers
  5 hydras
  A catoblepas (Lair:5)
  A merfolk avatar (Shoals:1)
  An ogre mage (D:10)
  4 merfolk aquamancers
  3 two-headed ogres
  An anaconda (Snake:1)
  13 death yaks
  A naga sharpshooter (Snake:1)
  A deep troll shaman (Lair:5)
  A naga warrior (Snake:1)
  Amaemon (Lair:1)
  4 sea snakes
  A naga ritualist (Snake:1)
  The ghost of Caerwyn the Grappler, a novice OgTm (D:6)
  A necromancer (Lair:5)
  2 lindwurms (Lair:5)
  An orc knight (Orc:1)
  10 orc sorcerers (Orc:2)
  5 mana vipers (Snake:1)
  An oklob plant (Lair:5)
  15 harpies
  A salamander (Snake:1)
  11 manticores
  A cyclops (Orc:1)
  9 fauns
  11 elephants
  7 black mambas
  Joseph (D:7)
  A guardian serpent (Snake:1)
  An orange demon (Lair:1)
  A torpor snail (Lair:5)
  Maggie (D:10)
  2 naga magi (Snake:1)
  13 merfolk sirens
  10 cane toads
  An unseen horror (D:10)
  A kobold demonologist (D:10)
  A demonic crawler (Lair:2)
  9 komodo dragons
  7 trolls
  A polar bear (Lair:3)
  32 merfolk
  4 wind drakes
  3 hornets
  31 blink frogs
  6 snapping turtles
  10 dream sheep (Lair:5)
  Sigmund (D:6)
  A centaur simulacrum (D:10)
  2 wraiths
  A vampire (D:9)
  2 basilisks
  52 yaks
  7 water elementals
  4 wyverns
  A steam dragon (D:8)
  6 wargs
  2 vampire mosquitoes (D:10)
  5 nagas (Snake:1)
  Menkaure (D:5)
  Duvessa (D:7)
  16 water moccasins
  2 swamp worms (Lair:2)
  A sky beast (D:7)
  11 orc warriors
  3 ice beasts
  4 black bears
  32 wolves
  4 ogres
  A centaur (D:10)
  7 kobold brigands
  8 bullfrogs
  A necrophage (D:7)
  A gnoll sergeant (D:3)
  2 scorpions
  22 wights
  Dowan (D:7)
  6 killer bees
  The ghost of Caerwyn the Cutter, a weakling OpMo (D:3)
  2 electric eels
  3 howler monkeys
  3 jellies
  4 quasits (D:6)
  6 hounds
  8 orc priests
  A gnoll bouda (D:9)
  Jessica (D:2)
  3 iguanas
  31 orc wizards
  5 hell rats (Lair:3)
  3 polar bear simulacra (Lair:5)
  2 yak simulacra (Lair:5)
  3 wolf simulacra (Lair:5)
  14 gnolls
  3 adders
  3 shadow imps
  5 white imps
  An ufetubus (D:4)
  A worm (D:4)
  2 dart slugs
  74 orcs
  2 endoplasms (D:2)
  2 giant cockroaches
  4 goblins (D:1)
  8 hobgoblins
  4 jackals (D:3)
  13 kobolds
  3 quokkas
  5 ball pythons
  2 bats
  2 frilled lizards
  2 rats
  3 river rat simulacra (Lair:5)
  6 tentacles
704 creatures vanquished.

Vanquished Creatures (collateral kills)
  A kobold brigand (D:10)
  An orc (D:10)
2 creatures vanquished.

Vanquished Creatures (others)
  A kobold brigand (D:10)
  An orc wizard (Orc:2)
  A bush (Lair:1)
  37 fungi
  122 plants
  27 tentacles
189 creatures vanquished.

Grand Total: 895 creatures vanquished

Notes
Turn   | Place    | Note
-------+----------+-------------------------------------------
     0 | D:1      | Dorkslayer the Demonspawn Fighter began the quest for the
                  | Orb.
     0 | D:1      | Reached XP level 1. HP: 18/18 MP: 1/1
   177 | D:1      | Gained mutation: You are partially covered in sharp spines.
                  | [demonic ancestry]
   177 | D:1      | Reached XP level 2. HP: 21/24 MP: 2/2
   296 | D:1      | Reached skill level 2 in Long Blades
   998 | D:2      | Reached XP level 3. HP: 29/29 MP: 3/3
  1028 | D:2      | Noticed Jessica
  1035 | D:2      | Killed Jessica
  1036 | D:2      | Reached skill level 1 in Dodging
  1152 | D:2      | You fall into a shaft and drop 1 floor!
  1152 | D:3      | Found Haune's Assorted Antiques.
  1579 | D:3      | Found a hazy altar of Hepliaklqana.
  1614 | D:3      | Noticed Caerwyn's ghost (weakling OpMo)
  1618 | D:3      | Found a runed translucent door.
  1648 | D:3      | Found a faded altar of an unknown god.
  1845 | D:3      | Noticed a gnoll sergeant
  1850 | D:3      | Reached XP level 4. HP: 31/35 MP: 4/4
  1855 | D:3      | Killed a gnoll sergeant
  1856 | D:3      | Reached skill level 1 in Evocations
  1856 | D:3      | Reached XP level 5. HP: 38/41 MP: 5/5
  1862 | D:3      | Found the +3 woodcutter's axe {vorpal}
  1998 | D:3      | Reached skill level 3 in Long Blades
  2299 | D:3      | Killed Caerwyn's ghost
  2300 | D:3      | Reached XP level 6. HP: 47/47 MP: 6/6
  2394 | D:4      | Found Saehacso's Weapon Shoppe.
  3120 | D:5      | Entered Level 5 of the Dungeon
  3217 | D:5      | Noticed Menkaure
  3222 | D:5      | Killed Menkaure
  3223 | D:5      | Gained mutation: Your demonic aura sometimes causes spilled
                  | blood to erupt in flames. [demonic ancestry]
  3223 | D:5      | Reached XP level 7. HP: 49/53 MP: 7/7
  3319 | D:5      | Reached skill level 4 in Long Blades
  3514 | D:5      | Found a burning altar of Makhleb.
  3517 | D:5      | Noticed a balrug
  3519 | D:5      | Noticed an angel
  4254 | D:6      | Reached skill level 5 in Long Blades
  4383 | D:6      | Found a transporter.
  4386 | D:6      | Noticed Caerwyn's ghost (novice OgTm)
  4406 | D:6      | Reached XP level 8. HP: 34/60 MP: 8/8
  4499 | D:6      | Found a transporter.
  4532 | D:6      | Noticed Sigmund
  4540 | D:6      | Killed Sigmund
  4574 | D:6      | Found a sacrificial altar of Ru.
  4690 | D:6      | Reached skill level 5 in Armour
  4724 | D:6      | Reached skill level 6 in Long Blades
  5009 | D:6      | Found a staircase to the Ecumenical Temple.
  5018 | Temple   | Entered the Ecumenical Temple
  5053 | Temple   | Became a worshipper of Gozag Ym Sagoz the Greedy
  5628 | D:7      | Reached skill level 1 in Throwing
  5850 | D:7      | Reached XP level 9. HP: 54/66 MP: 9/9
  5896 | D:7      | Found Komi's Antique Weapon Boutique.
  6061 | D:7      | Reached skill level 5 in Evocations
  6214 | D:7      | Reached skill level 5 in Fighting
  6217 | D:7      | Reached skill level 7 in Long Blades
  6217 | D:7      | Reached skill level 5 in Shields
  6294 | D:7      | Noticed Duvessa
  6301 | D:7      | Killed Duvessa
  6306 | D:7      | Noticed Dowan
  6309 | D:7      | Killed Dowan
  6433 | D:7      | Noticed Joseph
  6439 | D:7      | Killed Joseph
  7071 | D:8      | Gained mutation: Your demonic aura often causes spilled
                  | blood to erupt in flames. [demonic ancestry]
  7071 | D:8      | Reached XP level 10. HP: 43/74 MP: 10/10
  7258 | D:8      | Identified the +0 leather armour of the Gardener {Str+3
                  | Int+6}
  7417 | D:8      | Found a hide-covered altar of Uskayaw.
  7538 | D:8      | Reached skill level 8 in Long Blades
  7681 | D:8      | Found a shadowy altar of Dithmenos.
  8144 | D:9      | Found a staircase to the Lair.
  8144 | D:9      | Noticed an elephant
  8180 | D:9      | Killed an elephant
  8218 | D:9      | Found Unebb's Magic Scroll Shop.
  8226 | D:9      | Bought a scroll of identify for 26 gold pieces
  8226 | D:9      | Bought a scroll of identify for 26 gold pieces
  8226 | D:9      | Bought a scroll of identify for 26 gold pieces
  8226 | D:9      | Bought a scroll of amnesia for 52 gold pieces
  8226 | D:9      | Bought a scroll of brand weapon for 123 gold pieces
  8229 | D:9      | Bought a scroll of identify for 26 gold pieces
  8229 | D:9      | Bought a scroll of identify for 26 gold pieces
  8229 | D:9      | Bought a scroll of identify for 26 gold pieces
  8382 | D:9      | Found a sparkling altar of Nemelex Xobeh.
  8552 | D:9      | Reached skill level 9 in Long Blades
  8552 | D:9      | Reached skill level 1 in Stealth
  8599 | D:9      | Found an ornate altar of the Wu Jian Council.
  8727 | D:9      | Found Reresud's Mass Market.
  9049 | D:9      | Gained mutation: Your demonic aura causes all spilled blood
                  | to erupt in flames. [demonic ancestry]
  9049 | D:9      | Reached XP level 11. HP: 76/82 MP: 11/11
  9079 | D:9      | Found a stormy altar of Qazlal.
  9186 | D:9      | Noticed a two-headed ogre
  9191 | D:9      | Killed a two-headed ogre
  9547 | D:3      | Bought a potion of curing for 87 gold pieces
  9547 | D:3      | Bought a notched peridot ring for 145 gold pieces
  9547 | D:3      | Bought a potion of heal wounds for 145 gold pieces
  9823 | D:10     | Entered Level 10 of the Dungeon
  9869 | D:10     | Found a staircase to the Orcish Mines.
 10036 | D:10     | Found a radiant altar of Vehumet.
 10096 | D:10     | Noticed Maggie
 10103 | D:10     | Killed Maggie
 10267 | D:10     | Noticed a two-headed ogre
 10275 | D:10     | Killed a two-headed ogre
 10500 | D:10     | Found a blossoming altar of Fedhas.
 10513 | D:10     | Reached skill level 10 in Long Blades
 10566 | D:10     | Found a large runed translucent door.
 10566 | D:10     | Found a large runed translucent door.
 10708 | D:10     | Found a large runed translucent door.
 10722 | D:10     | Found a large runed translucent door.
 10753 | D:10     | Found the +8 whip "Snakebite" {venom, curare, rPois}
 10799 | D:10     | Noticed an ogre mage
 10804 | D:10     | Paralysed by something for 3 turns
 10811 | D:10     | Killed an ogre mage
 10921 | D:10     | Got the Teachings on Dark Impurities
 11136 | Orc:1    | Entered Level 1 of the Orcish Mines
 11274 | Orc:2    | Entered Level 2 of the Orcish Mines
 11279 | Orc:2    | Noticed an orc sorcerer
 11291 | Orc:2    | Killed an orc sorcerer
 11292 | Orc:2    | Gained mutation: Your touch may inflict minor irresistible
                  | damage on your foes. [demonic ancestry]
 11292 | Orc:2    | Reached XP level 12. HP: 90/91 MP: 12/12
 12175 | Orc:2    | Found Juitt's Antique Weapon Shoppe.
 12175 | Orc:2    | Found Ujoim's Antique Weapon Shop.
 12251 | Orc:2    | Bought a faintly glowing long sword for 212 gold pieces
 12251 | Orc:2    | Identified the +4 long sword "Dragon's Tongue" {protect,
                  | rC+ Will+} (You bought it in a shop on level 2 of the
                  | Orcish Mines)
 12251 | Orc:2    | Bought an iridescent war axe for 212 gold pieces
 12251 | Orc:2    | Identified the +3 war axe of the Filigreed God {pain,
                  | rCorr} (You bought it in a shop on level 2 of the Orcish
                  | Mines)
 12388 | Orc:2    | Found Tyhem's Armour Shoppe.
 12392 | Orc:2    | Reached skill level 11 in Long Blades
 12403 | Orc:2    | Found a staircase to the Elven Halls.
 12407 | Orc:2    | Found Reugiddo's Weapon Shop.
 12441 | Orc:2    | Bought a +2 pair of boots for 247 gold pieces
 12467 | Orc:2    | Bought a throwing net for 42 gold pieces
 12961 | D:11     | Noticed a two-headed ogre
 12966 | D:11     | Killed a two-headed ogre
 14014 | D:6      | Killed Caerwyn's ghost
 14026 | D:6      | Identified the ring "David" {*Slow rN+ rCorr Str+6 Dex+6}
 14074 | D:6      | Identified the +11 halberd of Jukogev {drain, Dex+3}
 14604 | Lair:1   | Entered Level 1 of the Lair of Beasts
 14651 | Lair:1   | Noticed Amaemon
 14683 | Lair:1   | Killed Amaemon
 14690 | Lair:1   | Reached skill level 10 in Evocations
 14832 | Lair:1   | Identified the +4 dagger "Ocliffih" {freeze, Fragile rCorr
                  | Dex+4}
 14900 | Lair:1   | Gained mutation: Your movements are slightly less
                  | encumbered by armour. (ER -2) [demonic ancestry]
 14900 | Lair:1   | Reached XP level 13. HP: 98/98 MP: 13/13
 15407 | Lair:2   | Reached skill level 5 in Throwing
 15663 | Lair:2   | Reached skill level 1 in Polearms
 15831 | Lair:2   | Found a staircase to the Shoals.
 16612 | Lair:2   | Bought a bloodstained hat for 306 gold pieces
 16612 | Lair:2   | Identified the +3 hat of Serendipity {MP-9 Str+8 Slay+5
                  | Stlth-} (You bought it in a shop on level 2 of the Lair of
                  | Beasts)
 16612 | Lair:2   | Bought a heavily runed plate armour for 952 gold pieces
 16612 | Lair:2   | Identified the +1 plate armour "Keysh" {Drain rPois rF++
                  | Str+2} (You bought it in a shop on level 2 of the Lair of
                  | Beasts)
 16640 | Lair:3   | You fall into a shaft and drop 1 floor!
 16648 | Lair:4   | Reached skill level 12 in Long Blades
 16815 | Lair:3   | Found a staircase to the Snake Pit.
 17226 | Lair:3   | Found a large runed translucent door.
 17226 | Lair:3   | Found a large runed translucent door.
 17234 | Lair:3   | Noticed alcopop's ghost (journeyman DrRe)
 17801 | Lair:3   | Killed alcopop's ghost
 17862 | Snake:1  | Entered Level 1 of the Snake Pit
 17917 | Snake:1  | Gained mutation: Your movements are less encumbered by
                  | armour. (ER -4) [demonic ancestry]
 17917 | Snake:1  | Reached XP level 14. HP: 88/109 MP: 1/14
 18101 | Snake:1  | Reached skill level 10 in Fighting
 18596 | Lair:4   | Identified the +1 robe of Cocytus {rElec rN+ MP-9}
 18967 | Lair:5   | Entered Level 5 of the Lair of Beasts
 19337 | Lair:5   | Reached skill level 10 in Armour
 19631 | Lair:5   | Found a viscous altar of Jiyva.
 19633 | Lair:5   | Found a staircase to the Slime Pits.
 20025 | Lair:5   | Reached skill level 5 in Polearms
 20151 | Lair:5   | Reached skill level 13 in Long Blades
 20624 | Lair:5   | Reached XP level 15. HP: 118/118 MP: 6/15
 21365 | Lair:2   | Found the +3 Mad Mage's Maulers {Infuse+∞ RegenMP Int-3}
 21385 | Lair:2   | Identified the +2 chain mail of Sif Muna's Outrage {-Tele
                  | +Inv Int+3}
 21474 | Lair:2   | Bought a potion of haste for 320 gold pieces
 21474 | Lair:2   | Bought a condenser vane for 1280 gold pieces
 21551 | Shoals:1 | Entered Level 1 of the Shoals
 22077 | Shoals:1 | Identified the +2 robe of Azen {Int+4}
 22702 | Shoals:2 | Reached skill level 10 in Shields
 22909 | Shoals:2 | Noticed a kraken
 22948 | Shoals:2 | Killed a kraken
 23883 | Shoals:3 | Reached XP level 16. HP: 74/127 MP: 0/16
 24121 | Shoals:3 | Noticed a kraken
 24282 | Shoals:3 | Killed a kraken
 24546 | Shoals:3 | HP: 3/127 [water nymph/the raging water (24)]
 24547 | Shoals:3 | Killed from afar by a water nymph

Illustrated notes

Levels and vault maps discovered:
D:1:      dpeg_arrival_water_fire, layout_basic
D:2:      layout_loops_ring, uniq_jessica
D:3:      layout_loops_ring, overflow_temple_1_default,
          ebering_ecumenical_altar_box, hellmonk_ghost_happy_afterlife,
          serial_shops, nicolae_shop_window_shopping,
          pf_guarded_unrand_woodcutter
D:4:      layout_basic, mainiacjoe_overflow_chevrons, serial_shops, shop
D:5:      layout_loops_corners, grunt_temple_overflow_order_and_chaos_2,
          uniq_menkaure
D:6:      layout_cave_pools, kennysheep_little_box, minmay_temple_entry_waves,
          gammafunk_ghost_stat_death, serial_co_window_serial,
          co_window_paths_a, co_window_corner_a, co_window_corner_a,
          co_window_of_opportunity_a, co_window_corner_a, co_window_corner_a,
          co_window_broadway_a, co_window_broadway_b, co_window_broadway_a,
          co_window_paths_e, glass_columns_b, glass_columns_c, glass_columns_a,
          glass_columns_a, item_on_display_b, uniq_sigmund
D:7:      layout_basic, serial_shops, nicolae_square_shop,
          minmay_fractal_squares_diagonal_5, uniq_duvessa, uniq_joseph
D:8:      layout_gridville, mainiacjoe_overflow_catwalk_spiral
D:9:      layout_loops_corners, mainiacjoe_overflow_alcove_2,
          mainiacjoe_overflow_concentric_impassable, kennysheep_mini,
          david_lair_generic, serial_shops,
          nicolae_shop_temple_entry_statues_fountains, minmay_shop_mass,
          kennysheep_generic_room_11
D:10:     layout_long_grid, vehumet_crystals, fedhas_altar_3,
          kennysheep_orc_monster_closet_entryway, minmay_hollow_rounded_squares,
          uniq_maggie
D:11:     layout_roguey
Temple:   jpeg_temple_alley_garden
Lair:1:   layout_gridlike, uniq_amaemon
Lair:2:   layout_gridlike, elwin_shoals_entry_rooms, worms_lemuel,
          grunt_megastairs_5
Lair:3:   layout_regular_city, minmay_snake_entry_six_corridors,
          ebering_ghost_disaster_area, nicolae_lair_lil_pond,
          grunt_forest_small_clearings
Lair:4:   layout_loops_ring
Lair:5:   grunt_lair_end_beastmaster, layout_layer_cave,
          minmay_slime_entry_oklob_enclosed, chequers_serial_rivers_micro_b,
          eino_house_with_fridge, grunt_megastairs_4
Shoals:1: cheibrodos_shoals_baths, layout_shoals
Shoals:2: layout_shoals, nicolae_shoals_water_booths
Shoals:3: layout_shoals
Snake:1:  layout_chambers, st_stairs_9, nicolae_snake_gridmaze_big_u
Orc:1:    layout_caves
Orc:2:    st_orc_town, layout_diamond_mine

Skill      XL: |  1  2  3  4  5  6  7  8  9 10 11 12 13 14 15 |
---------------+----------------------------------------------+-----
Long Blades    | 2 3 5 6 7 9 10 11 12 13 | 13.7
Armour         | 3 4 5 6 7 8 9 10 | 10.7
Dodging        | 1 2 |  2.9
Shields        | 3 4 5 6 7 8 9 10 | 10.5
Evocations     | 1 2 3 4 6 7 9 10 11 12 | 12.3
Fighting       | 4 5 6 7 8 9 11 12 | 12.3
Throwing       | 1 2 3 4 5 6 7 |  7.4
Stealth        | 1 2 |  2.8
Polearms       | 3 5 7 |  7.2

Action                   |  1- 3 |  4- 6 |  7- 9 | 10-12 | 13-15 | 16-18 || total
-------------------------+-------+-------+-------+-------+-------+-------++-------
Melee: Long sword        |    85 |    87 |   102 |       |       |       ||   274
       Falchion          |       |       |   176 |   271 |       |       ||   447
       Scimitar          |       |       |       |   203 |   581 |    49 ||   833
       Trident           |       |       |       |       |     5 |       ||     5
Throw: Javelin           |       |       |    15 |    13 |     4 |       ||    32
       Boomerang         |       |       |       |    45 |   132 |       ||   177
       Dart              |       |       |       |     9 |     1 |       ||    10
       Throwing net      |       |       |       |       |     1 |       ||     1
Invok: Call Merchant     |       |       |       |       |     2 |       ||     2
Evoke: Wand              |       |     6 |    14 |    18 |    25 |     2 ||    65
  Use: Scroll            |     3 |     3 |     2 |    16 |     7 |       ||    31
       Potion            |     1 |       |     2 |     2 |    10 |     2 ||    17
 Stab: Invisible         |       |       |       |     3 |       |       ||     3
       Distracted        |       |       |       |     2 |     6 |     1 ||     9
Armor: Scale mail        |    19 |       |       |       |       |       ||    19
       Chain mail        |     8 |    25 |       |       |       |       ||    33
       Plate armour      |       |    26 |   132 |   236 |   298 |    55 ||   747
Dodge: Dodged            |    28 |    15 |    45 |    86 |   181 |    52 ||   407
Block: Buckler           |    22 |    49 |   134 |   238 |   383 |    60 ||   886
       Reflection        |       |       |     3 |     9 |    39 |     2 ||    53

Table legend: (Time is in decaauts)
 A = Elapsed time spent in this place.
 B = Non-inter-level travel time spent in this place.
 C = Inter-level travel time spent in this place.
 D = Time resting spent in this place.
 E = Time spent auto-exploring this place.
 F = Levels seen in this place.
 G = Mean time per level.
                   A        B        C        D        E       F      G
               +--------+--------+--------+--------+--------+-----+--------+
         Total |  24755 |  24262 |    493 |   1423 |  10657 |  23 | 1076.3 |
       Dungeon |  12998 |  12505 |    493 |     91 |   6626 |  11 | 1181.6 |
        Temple |     60 |     60 |      0 |      0 |     25 |   1 |   60.0 |
          Lair |   6579 |   6579 |      0 |    703 |   2823 |   5 | 1315.8 |
        Shoals |   3181 |   3181 |      0 |    402 |    710 |   3 | 1060.3 |
     Snake Pit |    344 |    344 |      0 |     66 |     70 |   1 |  344.0 |
  Orcish Mines |   1591 |   1591 |      0 |    161 |    402 |   2 |  795.5 |
               +--------+--------+--------+--------+--------+-----+--------+

Top non-repeatable levels by time:
  Lair:5: 2008 daAuts
     D:7: 1719 daAuts
     D:9: 1690 daAuts
  Lair:2: 1484 daAuts
     D:6: 1406 daAuts
  Lair:3: 1374 daAuts
    D:10: 1366 daAuts
     D:5: 1351 daAuts
     D:8: 1244 daAuts
Shoals:1: 1187 daAuts
     D:3: 1057 daAuts
Shoals:2: 1051 daAuts
     D:4: 951 daAuts
Shoals:3: 943 daAuts
  Lair:4: 922 daAuts
